 Dungeon Crawl Stone Soup version 0.23.1 (webtiles) character file.

Game seed: 1294007552898771293

51 Borgoz the Sneak (level 3, 0/28 HPs)
             Began as a Ghoul Enchanter on Mar 15, 2019.
             Slain by a worm (9 damage)
             ... on level 2 of the Dungeon.
             The game lasted 00:02:41 (1335 turns).

Borgoz the Sneak (Ghoul Enchanter)                  Turns: 1335, Time: 00:02:41

Health: 0/28       AC:  3    Str: 11    XL:     3   Next: 81%
Magic:  5/5        EV: 11    Int: 10    God:
Gold:   35         SH:  0    Dex: 10    Spells: 3/6 levels left

rFire    . . .     SeeInvis .   f - +2 dagger (elec)
rCold    + . .     Gourm    .   (no shield)
rNeg     + + +     Faith    .   k - +0 leather armour
rPois    ∞         Spirit   .   (no helmet)
rElec    .         Reflect  .   (no cloak)
rCorr    .         Harm     .   (no gloves)
MR       .....                  (no boots)
Stlth    ++........             (no amulet)
HPRegen  0.00/turn              h - ring of wizardry
MPRegen  0.09/turn              (no ring)

@: rotting
A: rotting body, claws 1, carnivore, cold resistance 1, negative energy
resistance 3, inhibited regeneration, torment resistance, unbreathing
a: no special abilities


You were on level 2 of the Dungeon.
You were not hungry.

You visited 1 branch of the dungeon, and saw 2 of its levels.

You collected 35 gold pieces.

Inventory:

Hand Weapons
 a - a +1 dagger
 f - a +2 dagger of electrocution (weapon)
Armour
 k - a +0 leather armour (worn)
Jewellery
 h - a ring of wizardry (left claw)
Scrolls
 g - 2 scrolls of teleportation
Potions
 b - a potion of curing
 e - a potion of invisibility {unknown}
Comestibles
 c - a chunk of flesh
 d - 2 rations


   Skills:
 + Level 1.0 Fighting
 * Level 1.8 Short Blades
 * Level 1.3 Armour
 + Level 2.0 Dodging
 + Level 3.5 Stealth
 + Level 2.0 Spellcasting
 - Level 2.4 Hexes


You had 3 spell levels left.
You knew the following spells:

 Your Spells              Type           Power        Failure   Level  Hunger
a - Corona                Hex            #......      6%          1    ##.....
b - Ensorcelled Hibernat  Hex/Ice        #.....       16%         2    ###....

Your spell library contained the following spells:

 Spells                   Type           Power        Failure   Level  Hunger
 Confuse                  Hex            #.......     19%         3    ####...
 Tukima's Dance           Hex            #.......     19%         3    ####...
 Dazzling Spray           Conj/Hex       #.....       28%         3    ####...


Dungeon Overview and Level Annotations

Branches:
Dungeon (2/15)

Altars:


Innate Abilities, Weirdness & Mutations

Your body is rotting away.
You thrive on raw meat.
You are immune to poison.
You have sharp fingernails.
You are carnivorous and can eat meat at any time.
Your flesh is cold resistant. (rC+)
You are immune to negative energy. (rN+++)
You do not regenerate when monsters are visible.
You are immune to unholy pain and torment.
You can survive without breathing.


Message History

The worm is lightly wounded.
The worm closely misses you.
You barely miss the worm.
The worm is lightly wounded.
You hit the worm.
The worm is lightly wounded.
The worm bites you!
You are too injured to fight recklessly!
You are too injured to fight recklessly!
There is a stone staircase leading up here.
You see here a dart slug corpse.
You butcher the dart slug corpse.
The worm bites you!
* * * LOW HITPOINT WARNING * * *
You see here 2 chunks of flesh.
Eat one of 3 chunks of flesh? (ye/n/q)
You eat one of the 3 chunks of flesh.
This raw flesh tastes great!
Eat one of 2 chunks of flesh? (ye/n/q)
You eat one of the 2 chunks of flesh.
This raw flesh tastes great!
The worm bites you!
You die...

.... ...
#.#+##
#$...# .
#....# #.#
#...<#
....#...(#
#........#
#####..@<#
.......w.#
#####.?..#
.........
####..##.#
#..? .#
#... .#
#..# ..
..! ?.


You could see a worm.

Vanquished Creatures
  An adder (D:1)
  An ooze (D:1)
  A worm (D:1)
  A dart slug (D:2)
  A leopard gecko (D:1)
  A ball python (D:1)
  3 bats (D:1)
  2 hobgoblins (D:1)
  4 jackals (D:1)
  3 frilled lizards (D:1)
  6 goblins (D:1)
  3 kobolds (D:1)
  4 rats (D:1)
31 creatures vanquished.

Vanquished Creatures (others)
  9 toadstools (D:2)
9 creatures vanquished.

Grand Total: 40 creatures vanquished

Notes
Turn   | Place    | Note
-------+----------+-------------------------------------------
     0 | D:1      | Borgoz the Ghoul Enchanter began the quest for the Orb.
     0 | D:1      | Reached XP level 1. HP: 14/14 MP: 2/2
    46 | D:1      | Reached skill level 1 in Short Blades
   190 | D:1      | Reached XP level 2. HP: 19/20 MP: 3/3
   262 | D:1      | Learned a level 2 spell: Ensorcelled Hibernation
   635 | D:1      | Reached skill level 1 in Armour
   700 | D:1      | Reached XP level 3. HP: 24/27 MP: 4/4
  1306 | D:1      | Reached skill level 1 in Fighting
  1333 | D:2      | HP: 1/28 [worm (8)]
  1335 | D:2      | Slain by a worm

Skill      XL: |  1  2  3 |
---------------+----------+-----
Short Blades   | 1 |  1.8
Armour         | 1 |  1.3
Dodging        | 2 |  2.0
Fighting       | 1 |  1.0
Spellcasting   | 2 |  2.0
Stealth        | |  3.5
Hexes          | |  2.4

Action                   || total
-------------------------++-------
Melee: Dagger            ||   108
 Cast: Corona            ||     1
       Ensorcelled Hiber ||     1
  Use: Scroll            ||     3
 Stab: Sleeping          ||     2
  Eat: Chunk             ||     5
Armor: Robe              ||    16
       Leather armour    ||     4
Dodge: Dodged            ||    78
